Rangers vs Maple Leafs
Created - mars 19 2011 at 22:16
Goals
|
| Rangers |
1 |
1 |
1 |
3 |
| Maple Leafs |
2 |
3 |
0 |
5 |
|
Shots
|
| Rangers |
9 |
13 |
23 |
45 |
| Maple Leafs |
9 |
14 |
5 |
28 |
|
Period #1
1. Maple Leafs , Jiri Hudler 9 (Kyle Brodziak) at 6:00
2. Maple Leafs , Matt Stajan 19 (Scottie Upshall, Tomas Kaberle) at 15:04
3. Rangers , Brad Richards 30 (Mattias Ohlund, Jason Spezza) at 18:27
Penalties :
Paul Mara (TOR) for Hooking (Minor) at 0:43, Paul Mara (TOR) for Tripping (Minor) at 3:48, Jeff Tambellini (NYR) for Hooking (Minor) at 6:39, Dion Phaneuf (NYR) for High sticking (Minor) at 15:23, Paul Bissonnette (NYR) for Roughing (Minor) at 18:28
Period #2
4. Maple Leafs , Sean Avery 13 (Jiri Hudler, Cal Clutterbuck) at 7:19
5. Maple Leafs , Jiri Hudler 10 (Kyle Brodziak) at 7:23
6. Maple Leafs , Kyle Brodziak 7 (Jiri Hudler, Sean Avery) at 7:39
7. Rangers , Dustin Boyd 20 (Jeff Tambellini, David Steckel) at 15:48
Penalties :
Marc Staal (TOR) for Hooking (Minor) at 3:02, Niclas Wallin (NYR) for Holding (Minor) at 5:07, Sean Avery (TOR) for Roughing (Minor) at 8:32, Niclas Wallin (NYR) for Hooking (Minor) at 13:07, Sean Avery (TOR) for High sticking (Minor) at 17:52
Period #3
8. Rangers , Jeff Tambellini 6 (Jassen Cullimore, Dustin Boyd) at 7:25
Penalties :
Niclas Wallin (NYR) for Hooking (Minor) at 1:55, Evgeni Malkin (TOR) for Roughing (Minor) at 9:52, Paul Mara (TOR) for Goalie Interference (Minor) at 14:49, Tomas Kaberle (TOR) for Hooking (Minor) at 15:00
Goalie Stats
Marty Turco (NYR), 23 saves from 28 shots - (0,821), L, 33-26-3, 60:00 minutes
Marc-André Fleury (TOR), 42 saves from 45 shots - (0,933), W, 22-33-7, 60:00 minutes
Players Stats
Rangers
Player Name G A P +/- PIM S H SB FO MP
------------------------------------------------------------
Brad Richards 1 0 1 1 0 6 0 0 14/26 20
Christian Hanson 0 0 0 0 0 2 0 0 0/7 7
Colton Orr 0 0 0 0 0 0 0 0 0/1 7
David Steckel 0 1 1 -1 0 4 2 0 11/24 16
Dion Phaneuf 0 0 0 -1 2 0 2 1 0/0 23
Drew Doughty 0 0 0 1 0 6 2 1 0/0 25
Drew Stafford 0 0 0 -1 0 3 2 0 1/1 16
Dustin Boyd 1 1 2 -2 0 3 1 0 2/2 17
Jason Spezza 0 1 1 0 0 4 1 0 1/1 18
Jassen Cullimore 0 1 1 -2 0 0 0 1 0/0 10
Jeff Tambellini 1 1 2 -2 2 3 1 0 1/1 11
Karlis Skrastins 0 0 0 -1 0 2 0 1 0/0 21
Matthew Lombardi 0 0 0 -1 0 2 0 0 22/37 22
Mattias Ohlund 0 1 1 1 0 4 1 5 0/0 25
Mike Comrie 0 0 0 1 0 2 1 0 0/0 13
Niclas Wallin 0 0 0 -2 6 1 3 0 0/0 13
Paul Bissonnette 0 0 0 0 2 0 0 0 0/0 7
Tomas Holmstrom 0 0 0 -1 0 3 4 0 0/1 16
|
Maple Leafs
Player Name G A P +/- PIM S H SB FO MP
------------------------------------------------------------
Bobby Ryan 0 0 0 0 0 2 2 0 6/14 18
Brad Winchester 0 0 0 0 0 1 0 0 0/0 5
Cal Clutterbuck 0 1 1 0 0 0 2 0 1/3 19
Evgeni Malkin 0 0 0 0 2 3 0 0 12/26 18
Jason Williams 0 0 0 0 0 1 0 0 4/8 5
Jiri Hudler 2 2 4 2 0 5 0 0 0/0 12
Kyle Brodziak 1 2 3 2 0 2 0 2 10/18 14
Loui Eriksson 0 0 0 0 0 0 0 0 3/4 19
Marc Staal 0 0 0 0 2 1 3 2 0/0 24
Matt Stajan 1 0 1 0 0 4 0 1 11/22 23
Niklas Kronwall 0 0 0 0 0 0 1 2 0/0 23
Paul Mara 0 0 0 0 6 2 4 1 0/0 20
Raymond Macias 0 0 0 2 0 1 0 3 0/0 16
Scottie Upshall 0 1 1 0 0 2 1 0 0/3 18
Sean Avery 1 1 2 2 4 3 2 0 2/3 11
Theo Peckham 0 0 0 2 0 0 1 2 0/0 11
Tim Jackman 0 0 0 0 0 0 1 0 0/0 5
Tomas Kaberle 0 1 1 0 2 1 0 0 0/0 22
|
3 Stars
1 - Jiri Hudler (TOR)
2 - Kyle Brodziak (TOR)
3 - Sean Avery (TOR)
Power Play
Rangers - 0 on 8 Attempt(s) - 0,00%
Maple Leafs - 0 on 6 Attempt(s) - 0,00%
Penalty Kill
Rangers - 6 on 6 Attempt(s) - 100,00%
- Score 0 goal in Penalty Kill
Maple Leafs - 8 on 8 Attempt(s) - 100,00%
- Score 0 goal in Penalty Kill
Game Notes
No Game Note
Finance
Level 1 -- Attendance: 5421 (86,42%) -- Ticket Income 460 785,00 kr
Level 2 -- Attendance: 3538 (67,67%) -- Ticket Income 229 970,00 kr
Level 3 -- Attendance: 1305 (62,41%) -- Ticket Income 52 200,00 kr
Level 4 -- Attendance: 4009 (95,89%) -- Ticket Income 80 180,00 kr
Luxury Box -- Attendance: 986 (94,26%) -- Ticket Income 157 760,00 kr
Game was played at the Air Canada Centre
Total Attendance: 15259 (81,08%)
Total Ticket Income: 1 035 785,00 kr
Other Income: 349 486,80 kr
Total Income: 1 385 272,00 kr
Team Lines
Rangers
5 vs 5
Center Left Wing Right Wing Defense Defense
1 Brad Richards Jason Spezza Mike Comrie Drew Doughty Mattias Ohlund
2 Matthew Lombardi Drew Stafford Tomas Holmstrom Dion Phaneuf Karlis Skrastins
3 David Steckel Jeff Tambellini Dustin Boyd Niclas Wallin Jassen Cullimore
4 Christian Hanson Paul Bissonnette Colton Orr Drew Doughty Mattias Ohlund
Power Play
Center Left Wing Right Wing Defense Defense
1 Brad Richards Jason Spezza Tomas Holmstrom Drew Doughty Dion Phaneuf
2 Matthew Lombardi Drew Stafford Mike Comrie Drew Doughty Mattias Ohlund
Penalty Kill - 4 Players
Center Wing Defense Defense
1 David Steckel Brad Richards Drew Doughty Mattias Ohlund
2 Matthew Lombardi Dustin Boyd Dion Phaneuf Karlis Skrastins
4 vs 4
Center Wing Defense Defense
1 Brad Richards Tomas Holmstrom Drew Doughty Mattias Ohlund
2 Jason Spezza Drew Stafford Dion Phaneuf Karlis Skrastins
Penalty Kill - 3 Players
Forward Defense Defense
1 David Steckel Drew Doughty Mattias Ohlund
2 Matthew Lombardi Dion Phaneuf Karlis Skrastins
Goaltenders
Starting : Marty Turco
Backup : Jonas Gustavsson
Extra Forwards
Brad Richards, Jason Spezza, Matthew Lombardi, Drew Stafford, Tomas Holmstrom
Extra Defensemen
Drew Doughty, Dion Phaneuf, Mattias Ohlund, Karlis Skrastins, Niclas Wallin
Penalty Shots
Jason Spezza, Brad Richards, Tomas Holmstrom, Drew Doughty, Mike Comrie
Coach Strategy
Physical Style: 0 - Defense Style: 0 - Offense Style: 5
Maple Leafs
5 vs 5
Center Left Wing Right Wing Defense Defense
1 Evgeni Malkin Bobby Ryan Loui Eriksson Niklas Kronwall Marc Staal
2 Matt Stajan Cal Clutterbuck Scottie Upshall Tomas Kaberle Paul Mara
3 Kyle Brodziak Jiri Hudler Sean Avery Raymond Macias Theo Peckham
4 Jason Williams Tim Jackman Brad Winchester Niklas Kronwall Marc Staal
Power Play
Center Left Wing Right Wing Defense Defense
1 Evgeni Malkin Bobby Ryan Loui Eriksson Niklas Kronwall Marc Staal
2 Matt Stajan Cal Clutterbuck Scottie Upshall Tomas Kaberle Paul Mara
Penalty Kill - 4 Players
Center Wing Defense Defense
1 Evgeni Malkin Loui Eriksson Niklas Kronwall Marc Staal
2 Bobby Ryan Matt Stajan Tomas Kaberle Paul Mara
4 vs 4
Center Wing Defense Defense
1 Evgeni Malkin Loui Eriksson Niklas Kronwall Marc Staal
2 Bobby Ryan Matt Stajan Tomas Kaberle Paul Mara
Penalty Kill - 3 Players
Forward Defense Defense
1 Evgeni Malkin Niklas Kronwall Marc Staal
2 Loui Eriksson Tomas Kaberle Paul Mara
Goaltenders
Starting : Marc-André Fleury
Backup : Curtis Sanford
Extra Forwards
Evgeni Malkin, Loui Eriksson, Bobby Ryan, Matt Stajan, Scottie Upshall
Extra Defensemen
Niklas Kronwall, Marc Staal, Tomas Kaberle, Paul Mara, Raymond Macias
Penalty Shots
Evgeni Malkin, Loui Eriksson, Bobby Ryan, Matt Stajan, Scottie Upshall
Coach Strategy
Physical Style: 1 - Defense Style: 2 - Offense Style: 2
Play by Play
Period #1
0:01 of 1st period - Brad Richards wins face-off versus Evgeni Malkin in neutral zone.
0:04 of 1st period - Marc Staal is hit by Jason Spezza and loses puck.
0:23 of 1st period - Shot by Marc Staal.
0:23 of 1st period - Shot Misses the Net.
0:27 of 1st period - Shot by Evgeni Malkin.
0:27 of 1st period - Shot Blocked by Drew Doughty.
0:29 of 1st period - Shot by Loui Eriksson.
0:29 of 1st period - Shot Misses the Net.
0:33 of 1st period - Shot by Evgeni Malkin.
0:33 of 1st period - Stopped by Marty Turco without a rebound.
0:34 of 1st period - Matthew Lombardi wins face-off versus Matt Stajan in Rangers zone.
0:36 of 1st period - Icing by Tomas Holmstrom.
0:37 of 1st period - Matthew Lombardi wins face-off versus Cal Clutterbuck in Rangers zone.
0:43 of 1st period - Minor Penalty to Paul Mara for Hooking.
0:44 of 1st period - Brad Richards wins face-off versus Bobby Ryan in Maple Leafs zone.
1:19 of 1st period - Shot by Brad Richards.
1:19 of 1st period - Stopped by Marc-André Fleury without a rebound.
1:20 of 1st period - Matthew Lombardi wins face-off versus Bobby Ryan in Maple Leafs zone.
1:21 of 1st period - Shot by Drew Doughty.
1:21 of 1st period - Deflect By Drew Stafford.
1:21 of 1st period - Stopped by Marc-André Fleury without a rebound.
1:22 of 1st period - Bobby Ryan wins face-off versus Matthew Lombardi in Maple Leafs zone.
1:33 of 1st period - Shot by Mattias Ohlund.
1:33 of 1st period - Shot Blocked by Raymond Macias.
1:35 of 1st period - Shot by Mattias Ohlund.
1:35 of 1st period - Shot Misses the Net.
1:37 of 1st period - Shot by Mattias Ohlund.
1:37 of 1st period - Stopped by Marc-André Fleury without a rebound.
1:38 of 1st period - Matthew Lombardi wins face-off versus Evgeni Malkin in Maple Leafs zone.
1:47 of 1st period - Shot by Drew Stafford.
1:47 of 1st period - Shot Misses the Net.
1:49 of 1st period - Shot by Drew Stafford.
1:49 of 1st period - Shot Misses the Net.
1:53 of 1st period - Shot by Mike Comrie.
1:53 of 1st period - Shot Misses the Net.
1:55 of 1st period - Shot by Mattias Ohlund.
1:55 of 1st period - Shot Blocked by Niklas Kronwall.
1:57 of 1st period - Shot by Mattias Ohlund.
1:57 of 1st period - Stopped by Marc-André Fleury without a rebound.
1:58 of 1st period - Bobby Ryan wins face-off versus Brad Richards in Maple Leafs zone.
2:43 of 1st period - Shot by Drew Stafford.
2:43 of 1st period - Shot Misses the Net.
2:48 of 1st period - Kyle Brodziak is hit by Niclas Wallin and loses puck.
3:05 of 1st period - Shot by Raymond Macias.
3:05 of 1st period - Shot Misses the Net.
3:19 of 1st period - Shot by Jiri Hudler.
3:19 of 1st period - Stopped by Marty Turco with a rebound.
3:48 of 1st period - Minor Penalty to Paul Mara for Tripping.
3:49 of 1st period - Matthew Lombardi wins face-off versus Evgeni Malkin in Maple Leafs zone.
5:13 of 1st period - Shot by Jason Spezza.
5:13 of 1st period - Shot Misses the Net.
5:15 of 1st period - Shot by Tomas Holmstrom.
5:15 of 1st period - Shot Hit the Post.
5:17 of 1st period - Shot by Tomas Holmstrom.
5:17 of 1st period - Deflect By Brad Richards.
5:17 of 1st period - Shot Blocked by Matt Stajan.
5:19 of 1st period - Shot by Drew Doughty.
5:19 of 1st period - Stopped by Marc-André Fleury without a rebound.
5:20 of 1st period - Evgeni Malkin wins face-off versus Matthew Lombardi in Maple Leafs zone.
5:29 of 1st period - Shot by Drew Stafford.
5:29 of 1st period - Shot Misses the Net.
5:31 of 1st period - Shot by Matthew Lombardi.
5:31 of 1st period - Stopped by Marc-André Fleury without a rebound.
5:32 of 1st period - Evgeni Malkin wins face-off versus Brad Richards in Maple Leafs zone.
5:38 of 1st period - Icing by Dion Phaneuf.
5:39 of 1st period - Evgeni Malkin wins face-off versus Brad Richards in Rangers zone.
6:00 of 1st period - Shot by Jiri Hudler.
6:00 of 1st period - Goal by Jiri Hudler - Rangers : 0 - Maple Leafs : 1.
6:01 of 1st period - Kyle Brodziak wins face-off versus Christian Hanson in neutral zone.
6:18 of 1st period - Shot by Sean Avery.
6:18 of 1st period - Stopped by Marty Turco with a rebound.
6:32 of 1st period - Shot by Christian Hanson.
6:32 of 1st period - Stopped by Marc-André Fleury with a rebound.
6:39 of 1st period - Minor Penalty to Jeff Tambellini for Hooking.
6:40 of 1st period - Matthew Lombardi wins face-off versus Matt Stajan in Rangers zone.
6:51 of 1st period - Shot by Dion Phaneuf.
6:51 of 1st period - Shot Misses the Net.
7:00 of 1st period - Off-side.
7:01 of 1st period - Dustin Boyd wins face-off versus Evgeni Malkin in neutral zone.
7:18 of 1st period - Icing by Niklas Kronwall.
7:19 of 1st period - Evgeni Malkin wins face-off versus Matthew Lombardi in Maple Leafs zone.
8:48 of 1st period - Icing by Jason Spezza.
8:49 of 1st period - David Steckel wins face-off versus Kyle Brodziak in Rangers zone.
9:03 of 1st period - Shot by Jeff Tambellini.
9:03 of 1st period - Shot Misses the Net.
11:14 of 1st period - Kyle Brodziak is hit by Tomas Holmstrom and loses puck.
12:02 of 1st period - Icing by Raymond Macias.
12:03 of 1st period - David Steckel wins face-off versus Kyle Brodziak in Maple Leafs zone.
12:16 of 1st period - Shot by David Steckel.
12:16 of 1st period - Shot Blocked by Raymond Macias.
12:20 of 1st period - Shot by Dustin Boyd.
12:20 of 1st period - Shot Misses the Net.
13:42 of 1st period - Icing by Niclas Wallin.
13:43 of 1st period - Matt Stajan wins face-off versus Matthew Lombardi in Rangers zone.
13:44 of 1st period - Shot by Scottie Upshall.
13:44 of 1st period - Stopped by Marty Turco without a rebound.
13:45 of 1st period - Matt Stajan wins face-off versus Brad Richards in Rangers zone.
14:10 of 1st period - Shot by Scottie Upshall.
14:10 of 1st period - Deflect By Matt Stajan.
14:10 of 1st period - Shot Misses the Net.
14:12 of 1st period - Shot by Tomas Kaberle.
14:12 of 1st period - Stopped by Marty Turco without a rebound.
14:13 of 1st period - David Steckel wins face-off versus Jason Williams in Rangers zone.
15:04 of 1st period - Shot by Scottie Upshall.
15:04 of 1st period - Deflect By Matt Stajan.
15:04 of 1st period - Goal by Matt Stajan - Rangers : 0 - Maple Leafs : 2.
15:05 of 1st period - Evgeni Malkin wins face-off versus Brad Richards in neutral zone.
15:22 of 1st period - Shot by Bobby Ryan.
15:22 of 1st period - Deflect By Evgeni Malkin.
15:22 of 1st period - Stopped by Marty Turco without a rebound.
15:23 of 1st period - Cal Clutterbuck wins face-off versus Matthew Lombardi in Rangers zone.
15:23 of 1st period - Minor Penalty to Dion Phaneuf for High sticking.
15:24 of 1st period - Matthew Lombardi wins face-off versus Matt Stajan in Rangers zone.
15:52 of 1st period - Shot by Scottie Upshall.
15:52 of 1st period - Shot Misses the Net.
16:04 of 1st period - Mattias Ohlund is hit by Cal Clutterbuck and loses puck.
17:16 of 1st period - Icing by Scottie Upshall.
17:17 of 1st period - Evgeni Malkin wins face-off versus David Steckel in Maple Leafs zone.
17:21 of 1st period - Off-side.
17:22 of 1st period - Kyle Brodziak wins face-off versus David Steckel in neutral zone.
17:30 of 1st period - Shot by Jiri Hudler.
17:30 of 1st period - Shot Misses the Net.
17:34 of 1st period - Shot by Jiri Hudler.
17:34 of 1st period - Deflect By Kyle Brodziak.
17:34 of 1st period - Shot Blocked by Mattias Ohlund.
17:38 of 1st period - Shot by Jiri Hudler.
17:38 of 1st period - Deflect By Sean Avery.
17:38 of 1st period - Shot Misses the Net.
17:40 of 1st period - Shot by Raymond Macias.
17:40 of 1st period - Stopped by Marty Turco without a rebound.
17:41 of 1st period - Matthew Lombardi wins face-off versus Jason Williams in Rangers zone.
17:49 of 1st period - Tomas Holmstrom is hit by Niklas Kronwall and loses puck.
18:09 of 1st period - Shot by Tomas Holmstrom.
18:09 of 1st period - Shot Hit the Post.
18:13 of 1st period - Shot by Dion Phaneuf.
18:13 of 1st period - Shot Misses the Net.
18:15 of 1st period - Shot by Karlis Skrastins.
18:15 of 1st period - Stopped by Marc-André Fleury without a rebound.
18:16 of 1st period - Kyle Brodziak wins face-off versus Brad Richards in Maple Leafs zone.
18:23 of 1st period - Shot by Jason Spezza.
18:23 of 1st period - Shot Misses the Net.
18:27 of 1st period - Shot by Brad Richards.
18:27 of 1st period - Goal by Brad Richards - Rangers : 1 - Maple Leafs : 2.
18:28 of 1st period - Matt Stajan wins face-off versus Colton Orr in neutral zone.
18:28 of 1st period - Minor Penalty to Paul Bissonnette for Roughing.
18:29 of 1st period - David Steckel wins face-off versus Matt Stajan in Rangers zone.
18:50 of 1st period - Shot by Scottie Upshall.
18:50 of 1st period - Shot Blocked by Mattias Ohlund.
18:57 of 1st period - Icing by Scottie Upshall.
18:58 of 1st period - Matthew Lombardi wins face-off versus Matt Stajan in Maple Leafs zone.
Period #2
0:01 of 2nd period - Evgeni Malkin wins face-off versus David Steckel in neutral zone.
0:33 of 2nd period - Icing by Drew Doughty.
0:34 of 2nd period - Sean Avery wins face-off versus Christian Hanson in Rangers zone.
0:41 of 2nd period - Shot by Jiri Hudler.
0:41 of 2nd period - Stopped by Marty Turco with a rebound.
1:50 of 2nd period - Shot by Scottie Upshall.
1:50 of 2nd period - Shot Blocked by Karlis Skrastins.
1:54 of 2nd period - Shot by Scottie Upshall.
1:54 of 2nd period - Stopped by Marty Turco without a rebound.
1:55 of 2nd period - Evgeni Malkin wins face-off versus David Steckel in Rangers zone.
3:02 of 2nd period - Minor Penalty to Marc Staal for Hooking.
3:03 of 2nd period - Jason Spezza wins face-off versus Scottie Upshall in Maple Leafs zone.
3:20 of 2nd period - Shot by Drew Doughty.
3:20 of 2nd period - Shot Misses the Net.
3:24 of 2nd period - Shot by Tomas Holmstrom.
3:24 of 2nd period - Stopped by Marc-André Fleury with a rebound.
3:28 of 2nd period - Shot by Brad Richards.
3:28 of 2nd period - Deflect By Jason Spezza.
3:28 of 2nd period - Shot Misses the Net.
3:32 of 2nd period - Shot by Drew Doughty.
3:32 of 2nd period - Shot Misses the Net.
3:34 of 2nd period - Shot by Drew Doughty.
3:34 of 2nd period - Shot Misses the Net.
3:58 of 2nd period - Icing by Karlis Skrastins.
3:59 of 2nd period - Matthew Lombardi wins face-off versus Evgeni Malkin in Rangers zone.
4:11 of 2nd period - Icing by Karlis Skrastins.
4:12 of 2nd period - Matthew Lombardi wins face-off versus Evgeni Malkin in Rangers zone.
4:41 of 2nd period - Shot by Jason Spezza.
4:41 of 2nd period - Stopped by Marc-André Fleury without a rebound.
4:42 of 2nd period - Brad Richards wins face-off versus Bobby Ryan in Maple Leafs zone.
4:57 of 2nd period - Shot by Drew Doughty.
4:57 of 2nd period - Stopped by Marc-André Fleury without a rebound.
4:58 of 2nd period - Evgeni Malkin wins face-off versus Matthew Lombardi in Maple Leafs zone.
5:07 of 2nd period - Shot by Jason Williams.
5:07 of 2nd period - Stopped by Marty Turco without a rebound.
5:07 of 2nd period - Minor Penalty to Niclas Wallin for Holding.
5:08 of 2nd period - Matt Stajan wins face-off versus Matthew Lombardi in Rangers zone.
5:25 of 2nd period - Shot by Tomas Kaberle.
5:25 of 2nd period - Shot Blocked by Dion Phaneuf.
5:27 of 2nd period - Shot by Matt Stajan.
5:27 of 2nd period - Stopped by Marty Turco without a rebound.
5:28 of 2nd period - David Steckel wins face-off versus Evgeni Malkin in Rangers zone.
5:28 of 2nd period - Brad Richards is hit by Bobby Ryan and loses puck.
5:36 of 2nd period - Icing by Marc Staal.
5:37 of 2nd period - Bobby Ryan wins face-off versus Matthew Lombardi in Maple Leafs zone.
5:44 of 2nd period - Shot by Evgeni Malkin.
5:44 of 2nd period - Shot Misses the Net.
7:17 of 2nd period - Shot by Sean Avery.
7:17 of 2nd period - Shot Misses the Net.
7:19 of 2nd period - Shot by Sean Avery.
7:19 of 2nd period - Goal by Sean Avery - Rangers : 1 - Maple Leafs : 3.
7:20 of 2nd period - Kyle Brodziak wins face-off versus Matthew Lombardi in neutral zone.
7:23 of 2nd period - Shot by Jiri Hudler.
7:23 of 2nd period - Goal by Jiri Hudler - Rangers : 1 - Maple Leafs : 4.
7:24 of 2nd period - Kyle Brodziak wins face-off versus David Steckel in neutral zone.
7:37 of 2nd period - Shot by Jiri Hudler.
7:37 of 2nd period - Shot Blocked by Jassen Cullimore.
7:39 of 2nd period - Shot by Kyle Brodziak.
7:39 of 2nd period - Goal by Kyle Brodziak - Rangers : 1 - Maple Leafs : 5.
7:40 of 2nd period - Matthew Lombardi wins face-off versus Jason Williams in neutral zone.
7:47 of 2nd period - Shot by Drew Stafford.
7:47 of 2nd period - Stopped by Marc-André Fleury without a rebound.
7:48 of 2nd period - Jason Williams wins face-off versus Christian Hanson in Maple Leafs zone.
7:57 of 2nd period - Drew Doughty is hit by Tim Jackman and loses puck.
8:06 of 2nd period - Shot by Jason Williams.
8:06 of 2nd period - Deflect By Brad Winchester.
8:06 of 2nd period - Stopped by Marty Turco without a rebound.
8:07 of 2nd period - Matt Stajan wins face-off versus Matthew Lombardi in Rangers zone.
8:11 of 2nd period - Scottie Upshall is hit by Dion Phaneuf and loses puck.
8:23 of 2nd period - Matt Stajan is hit by Dion Phaneuf and loses puck.
8:30 of 2nd period - Shot by Matt Stajan.
8:30 of 2nd period - Stopped by Marty Turco without a rebound.
8:31 of 2nd period - David Steckel wins face-off versus Kyle Brodziak in Rangers zone.
8:31 of 2nd period - Dustin Boyd is hit by Sean Avery and loses puck.
8:32 of 2nd period - Minor Penalty to Sean Avery for Roughing.
8:33 of 2nd period - Brad Richards wins face-off versus Evgeni Malkin in Maple Leafs zone.
8:34 of 2nd period - Shot by Drew Doughty.
8:34 of 2nd period - Stopped by Marc-André Fleury without a rebound.
8:35 of 2nd period - Evgeni Malkin wins face-off versus Brad Richards in Maple Leafs zone.
8:56 of 2nd period - Shot by Drew Doughty.
8:56 of 2nd period - Stopped by Marc-André Fleury without a rebound.
8:57 of 2nd period - Matthew Lombardi wins face-off versus Evgeni Malkin in Maple Leafs zone.
9:08 of 2nd period - Loui Eriksson is hit by Drew Stafford.
9:11 of 2nd period - Marc Staal is hit by Mattias Ohlund and loses puck.
10:05 of 2nd period - Off-side.
10:06 of 2nd period - Brad Richards wins face-off versus Bobby Ryan in neutral zone.
10:24 of 2nd period - Shot by Dion Phaneuf.
10:24 of 2nd period - Shot Blocked by Paul Mara.
10:33 of 2nd period - Shot by David Steckel.
10:33 of 2nd period - Shot Blocked by Kyle Brodziak.
10:35 of 2nd period - Shot by Jeff Tambellini.
10:35 of 2nd period - Deflect By Dustin Boyd.
10:35 of 2nd period - Shot Misses the Net.
10:37 of 2nd period - Shot by David Steckel.
10:37 of 2nd period - Shot Misses the Net.
10:41 of 2nd period - Shot by David Steckel.
10:41 of 2nd period - Stopped by Marc-André Fleury with a rebound.
10:43 of 2nd period - Shot by Niclas Wallin.
10:43 of 2nd period - Shot Blocked by Theo Peckham.
10:51 of 2nd period - Shot by Jeff Tambellini.
10:51 of 2nd period - Shot Misses the Net.
10:53 of 2nd period - Shot by Dustin Boyd.
10:53 of 2nd period - Deflect By Jeff Tambellini.
10:53 of 2nd period - Shot Misses the Net.
10:55 of 2nd period - Shot by Dustin Boyd.
10:55 of 2nd period - Shot Misses the Net.
10:57 of 2nd period - Shot by Jassen Cullimore.
10:57 of 2nd period - Shot Blocked by Raymond Macias.
11:03 of 2nd period - Shot by Dustin Boyd.
11:03 of 2nd period - Stopped by Marc-André Fleury without a rebound.
11:04 of 2nd period - Jason Williams wins face-off versus Christian Hanson in Maple Leafs zone.
12:23 of 2nd period - Shot by Tomas Holmstrom.
12:23 of 2nd period - Deflect By Matthew Lombardi.
12:23 of 2nd period - Stopped by Marc-André Fleury with a rebound.
12:25 of 2nd period - Shot by Dion Phaneuf.
12:25 of 2nd period - Deflect By Drew Stafford.
12:25 of 2nd period - Stopped by Marc-André Fleury without a rebound.
12:26 of 2nd period - David Steckel wins face-off versus Sean Avery in Maple Leafs zone.
12:48 of 2nd period - Raymond Macias is hit by Niclas Wallin and loses puck.
13:07 of 2nd period - Minor Penalty to Niclas Wallin for Hooking.
13:08 of 2nd period - Matt Stajan wins face-off versus Matthew Lombardi in Rangers zone.
13:15 of 2nd period - Shot by Paul Mara.
13:15 of 2nd period - Shot Misses the Net.
13:17 of 2nd period - Shot by Matt Stajan.
13:17 of 2nd period - Shot Misses the Net.
13:19 of 2nd period - Shot by Paul Mara.
13:19 of 2nd period - Stopped by Marty Turco without a rebound.
13:20 of 2nd period - Loui Eriksson wins face-off versus David Steckel in Rangers zone.
13:23 of 2nd period - Shot by Evgeni Malkin.
13:23 of 2nd period - Stopped by Marty Turco without a rebound.
13:24 of 2nd period - Matthew Lombardi wins face-off versus Evgeni Malkin in Rangers zone.
13:41 of 2nd period - Shot by Bobby Ryan.
13:41 of 2nd period - Stopped by Marty Turco without a rebound.
13:42 of 2nd period - Matthew Lombardi wins face-off versus Matt Stajan in Rangers zone.
14:12 of 2nd period - Shot by Scottie Upshall.
14:12 of 2nd period - Shot Misses the Net.
14:14 of 2nd period - Shot by Tomas Kaberle.
14:14 of 2nd period - Shot Misses the Net.
14:16 of 2nd period - Shot by Cal Clutterbuck.
14:16 of 2nd period - Shot Blocked by Mattias Ohlund.
14:18 of 2nd period - Shot by Tomas Kaberle.
14:18 of 2nd period - Shot Misses the Net.
14:20 of 2nd period - Shot by Paul Mara.
14:20 of 2nd period - Shot Blocked by Mattias Ohlund.
15:10 of 2nd period - Shot by Kyle Brodziak.
15:10 of 2nd period - Shot Misses the Net.
15:12 of 2nd period - Shot by Jiri Hudler.
15:12 of 2nd period - Stopped by Marty Turco without a rebound.
15:13 of 2nd period - Kyle Brodziak wins face-off versus Christian Hanson in Rangers zone.
15:15 of 2nd period - Sean Avery is hit by Drew Doughty and loses puck.
15:20 of 2nd period - Shot by Kyle Brodziak.
15:20 of 2nd period - Stopped by Marty Turco without a rebound.
15:21 of 2nd period - David Steckel wins face-off versus Kyle Brodziak in Rangers zone.
15:46 of 2nd period - Shot by Jeff Tambellini.
15:46 of 2nd period - Shot Misses the Net.
15:48 of 2nd period - Shot by Dustin Boyd.
15:48 of 2nd period - Goal by Dustin Boyd - Rangers : 2 - Maple Leafs : 5.
15:49 of 2nd period - Brad Richards wins face-off versus Jason Williams in neutral zone.
16:29 of 2nd period - Drew Doughty is hit by Marc Staal and loses puck.
17:14 of 2nd period - Jason Spezza is hit by Cal Clutterbuck.
17:51 of 2nd period - Karlis Skrastins is hit by Sean Avery and loses puck.
17:52 of 2nd period - Minor Penalty to Sean Avery for High sticking.
17:53 of 2nd period - Evgeni Malkin wins face-off versus David Steckel in Maple Leafs zone.
17:53 of 2nd period - Evgeni Malkin is hit by David Steckel.
18:42 of 2nd period - Shot by Niclas Wallin.
18:42 of 2nd period - Stopped by Marc-André Fleury without a rebound.
18:43 of 2nd period - Bobby Ryan wins face-off versus Matthew Lombardi in Maple Leafs zone.
18:43 of 2nd period - Tomas Kaberle is hit by Jeff Tambellini and loses puck.
18:52 of 2nd period - Shot by Jeff Tambellini.
18:52 of 2nd period - Stopped by Marc-André Fleury without a rebound.
18:53 of 2nd period - Matthew Lombardi wins face-off versus Bobby Ryan in Maple Leafs zone.
19:22 of 2nd period - Shot by Matthew Lombardi.
19:22 of 2nd period - Shot Hit the Post.
19:48 of 2nd period - Marc Staal is hit by Dustin Boyd and loses puck.
Period #3
0:01 of 3rd period - Brad Richards wins face-off versus Evgeni Malkin in neutral zone.
0:06 of 3rd period - Shot by Mike Comrie.
0:06 of 3rd period - Shot Misses the Net.
0:08 of 3rd period - Shot by Mattias Ohlund.
0:08 of 3rd period - Shot Blocked by Marc Staal.
0:14 of 3rd period - Shot by Brad Richards.
0:14 of 3rd period - Stopped by Marc-André Fleury without a rebound.
0:15 of 3rd period - Matthew Lombardi wins face-off versus Matt Stajan in Maple Leafs zone.
1:07 of 3rd period - Icing by Cal Clutterbuck.
1:08 of 3rd period - Brad Richards wins face-off versus Matt Stajan in Maple Leafs zone.
1:21 of 3rd period - Brad Richards is hit by Scottie Upshall and loses puck.
1:34 of 3rd period - Shot by Jason Spezza.
1:34 of 3rd period - Stopped by Marc-André Fleury without a rebound.
1:35 of 3rd period - David Steckel wins face-off versus Kyle Brodziak in Maple Leafs zone.
1:55 of 3rd period - Minor Penalty to Niclas Wallin for Hooking.
1:56 of 3rd period - David Steckel wins face-off versus Evgeni Malkin in Rangers zone.
2:58 of 3rd period - Scottie Upshall is hit by David Steckel and loses puck.
3:41 of 3rd period - Matthew Lombardi is hit by Bobby Ryan.
3:56 of 3rd period - Icing by Dion Phaneuf.
3:57 of 3rd period - Kyle Brodziak wins face-off versus Christian Hanson in Rangers zone.
4:00 of 3rd period - Shot by Jiri Hudler.
4:00 of 3rd period - Shot Misses the Net.
5:05 of 3rd period - Shot by David Steckel.
5:05 of 3rd period - Stopped by Marc-André Fleury without a rebound.
5:06 of 3rd period - Matt Stajan wins face-off versus Matthew Lombardi in Maple Leafs zone.
5:06 of 3rd period - Matt Stajan is hit by Tomas Holmstrom.
5:27 of 3rd period - Off-side.
5:28 of 3rd period - Jason Williams wins face-off versus David Steckel in neutral zone.
5:45 of 3rd period - Shot by Marc Staal.
5:45 of 3rd period - Stopped by Marty Turco without a rebound.
5:46 of 3rd period - Evgeni Malkin wins face-off versus Brad Richards in Rangers zone.
6:03 of 3rd period - Shot by Brad Richards.
6:03 of 3rd period - Deflect By Jason Spezza.
6:03 of 3rd period - Stopped by Marc-André Fleury with a rebound.
6:53 of 3rd period - Shot by Tomas Holmstrom.
6:53 of 3rd period - Stopped by Marc-André Fleury without a rebound.
6:54 of 3rd period - Dustin Boyd wins face-off versus Matt Stajan in Maple Leafs zone.
6:57 of 3rd period - Shot by David Steckel.
6:57 of 3rd period - Shot Misses the Net.
6:59 of 3rd period - Shot by David Steckel.
6:59 of 3rd period - Stopped by Marc-André Fleury without a rebound.
7:00 of 3rd period - Matt Stajan wins face-off versus David Steckel in Maple Leafs zone.
7:25 of 3rd period - Shot by Jeff Tambellini.
7:25 of 3rd period - Goal by Jeff Tambellini - Rangers : 3 - Maple Leafs : 5.
7:26 of 3rd period - Matthew Lombardi wins face-off versus Kyle Brodziak in neutral zone.
7:49 of 3rd period - Shot by Matthew Lombardi.
7:49 of 3rd period - Shot Blocked by Kyle Brodziak.
7:51 of 3rd period - Shot by Drew Stafford.
7:51 of 3rd period - Shot Blocked by Theo Peckham.
7:53 of 3rd period - Shot by Karlis Skrastins.
7:53 of 3rd period - Stopped by Marc-André Fleury without a rebound.
7:54 of 3rd period - Brad Richards wins face-off versus Matt Stajan in Maple Leafs zone.
7:57 of 3rd period - Shot by Brad Richards.
7:57 of 3rd period - Stopped by Marc-André Fleury without a rebound.
7:58 of 3rd period - Brad Richards wins face-off versus Scottie Upshall in Maple Leafs zone.
7:59 of 3rd period - Shot by Jason Spezza.
7:59 of 3rd period - Stopped by Marc-André Fleury without a rebound.
8:00 of 3rd period - Matt Stajan wins face-off versus Brad Richards in Maple Leafs zone.
8:07 of 3rd period - Shot by Paul Mara.
8:07 of 3rd period - Shot Blocked by Mattias Ohlund.
8:11 of 3rd period - Shot by Matt Stajan.
8:11 of 3rd period - Stopped by Marty Turco with a rebound.
8:13 of 3rd period - Shot by Paul Mara.
8:13 of 3rd period - Stopped by Marty Turco without a rebound.
8:14 of 3rd period - Kyle Brodziak wins face-off versus David Steckel in Rangers zone.
8:16 of 3rd period - Sean Avery is hit by Niclas Wallin and loses puck.
8:24 of 3rd period - David Steckel is hit by Theo Peckham and loses puck.
8:33 of 3rd period - Shot by Dustin Boyd.
8:33 of 3rd period - Stopped by Marc-André Fleury without a rebound.
8:34 of 3rd period - Matthew Lombardi wins face-off versus Cal Clutterbuck in Maple Leafs zone.
8:45 of 3rd period - Shot by Scottie Upshall.
8:45 of 3rd period - Shot Misses the Net.
9:41 of 3rd period - Shot by Brad Richards.
9:41 of 3rd period - Stopped by Marc-André Fleury with a rebound.
9:52 of 3rd period - Minor Penalty to Evgeni Malkin for Roughing.
9:53 of 3rd period - Bobby Ryan wins face-off versus Brad Richards in Maple Leafs zone.
9:53 of 3rd period - Bobby Ryan is hit by Tomas Holmstrom.
10:11 of 3rd period - Icing by Jason Spezza.
10:12 of 3rd period - Brad Richards wins face-off versus Loui Eriksson in Rangers zone.
11:00 of 3rd period - Shot by Mattias Ohlund.
11:00 of 3rd period - Shot Blocked by Marc Staal.
11:02 of 3rd period - Shot by Mattias Ohlund.
11:02 of 3rd period - Stopped by Marc-André Fleury without a rebound.
11:03 of 3rd period - Matthew Lombardi wins face-off versus Bobby Ryan in Maple Leafs zone.
11:06 of 3rd period - Shot by Mike Comrie.
11:06 of 3rd period - Stopped by Marc-André Fleury without a rebound.
11:07 of 3rd period - Drew Stafford wins face-off versus Bobby Ryan in Maple Leafs zone.
11:12 of 3rd period - Shot by Drew Doughty.
11:12 of 3rd period - Stopped by Marc-André Fleury without a rebound.
11:13 of 3rd period - Bobby Ryan wins face-off versus Matthew Lombardi in Maple Leafs zone.
11:13 of 3rd period - Bobby Ryan is hit by Drew Stafford.
11:25 of 3rd period - Cal Clutterbuck is hit by Mike Comrie and loses puck.
11:32 of 3rd period - Shot by Mike Comrie.
11:32 of 3rd period - Stopped by Marc-André Fleury without a rebound.
11:33 of 3rd period - Brad Richards wins face-off versus Bobby Ryan in Maple Leafs zone.
11:52 of 3rd period - Shot by Brad Richards.
11:52 of 3rd period - Stopped by Marc-André Fleury without a rebound.
11:53 of 3rd period - David Steckel wins face-off versus Kyle Brodziak in Maple Leafs zone.
11:59 of 3rd period - Icing by Raymond Macias.
12:00 of 3rd period - Kyle Brodziak wins face-off versus David Steckel in Maple Leafs zone.
12:09 of 3rd period - Shot by Sean Avery.
12:09 of 3rd period - Stopped by Marty Turco with a rebound.
12:23 of 3rd period - Shot by David Steckel.
12:23 of 3rd period - Stopped by Marc-André Fleury without a rebound.
12:24 of 3rd period - Jason Williams wins face-off versus Christian Hanson in Maple Leafs zone.
12:53 of 3rd period - Shot by Christian Hanson.
12:53 of 3rd period - Shot Misses the Net.
12:57 of 3rd period - Shot by Christian Hanson.
12:57 of 3rd period - Shot Misses the Net.
12:59 of 3rd period - Shot by Colton Orr.
12:59 of 3rd period - Shot Misses the Net.
13:01 of 3rd period - Shot by Drew Doughty.
13:01 of 3rd period - Shot Blocked by Niklas Kronwall.
13:03 of 3rd period - Shot by Mattias Ohlund.
13:03 of 3rd period - Stopped by Marc-André Fleury without a rebound.
13:04 of 3rd period - Matt Stajan wins face-off versus Tomas Holmstrom in Maple Leafs zone.
13:04 of 3rd period - Tomas Kaberle is hit by Tomas Holmstrom and loses puck.
13:14 of 3rd period - Tomas Holmstrom is hit by Paul Mara and loses puck.
13:25 of 3rd period - Shot by Tomas Holmstrom.
13:25 of 3rd period - Shot Misses the Net.
13:30 of 3rd period - Drew Stafford is hit by Paul Mara and loses puck.
13:36 of 3rd period - Matthew Lombardi is hit by Paul Mara and loses puck.
13:39 of 3rd period - Shot by Matthew Lombardi.
13:39 of 3rd period - Shot Misses the Net.
13:41 of 3rd period - Shot by Tomas Holmstrom.
13:41 of 3rd period - Stopped by Marc-André Fleury without a rebound.
13:42 of 3rd period - Sean Avery wins face-off versus David Steckel in Maple Leafs zone.
13:46 of 3rd period - Icing by Kyle Brodziak.
13:47 of 3rd period - Jeff Tambellini wins face-off versus Kyle Brodziak in Maple Leafs zone.
13:54 of 3rd period - Shot by Jeff Tambellini.
13:54 of 3rd period - Stopped by Marc-André Fleury without a rebound.
13:55 of 3rd period - Brad Richards wins face-off versus Evgeni Malkin in Maple Leafs zone.
13:55 of 3rd period - Drew Doughty is hit by Marc Staal and loses puck.
14:35 of 3rd period - Jason Spezza is hit by Marc Staal and loses puck.
14:49 of 3rd period - Minor Penalty to Paul Mara for Goalie Interference.
14:50 of 3rd period - Matthew Lombardi wins face-off versus Scottie Upshall in Maple Leafs zone.
15:00 of 3rd period - Minor Penalty to Tomas Kaberle for Hooking.
15:01 of 3rd period - Loui Eriksson wins face-off versus Brad Richards in Maple Leafs zone.
15:42 of 3rd period - Shot by Drew Doughty.
15:42 of 3rd period - Stopped by Marc-André Fleury without a rebound.
15:43 of 3rd period - Loui Eriksson wins face-off versus Matthew Lombardi in Maple Leafs zone.
17:40 of 3rd period - Icing by Jason Spezza.
17:41 of 3rd period - Matthew Lombardi wins face-off versus Evgeni Malkin in Rangers zone.
18:04 of 3rd period - Shot by Evgeni Malkin.
18:04 of 3rd period - Deflect By Bobby Ryan.
18:04 of 3rd period - Stopped by Marty Turco without a rebound.
18:05 of 3rd period - Kyle Brodziak wins face-off versus David Steckel in Rangers zone.
18:21 of 3rd period - Tomas Holmstrom is hit by Paul Mara and loses puck.
19:10 of 3rd period - Shot by Christian Hanson.
19:10 of 3rd period - Stopped by Marc-André Fleury without a rebound.
19:11 of 3rd period - Matt Stajan wins face-off versus Brad Richards in Maple Leafs zone.
19:11 of 3rd period - Evgeni Malkin is hit by Drew Doughty and loses puck.
19:33 of 3rd period - Icing by Mattias Ohlund.
19:34 of 3rd period - Brad Richards wins face-off versus Matt Stajan in Rangers zone.
Output by the SimonT Hockey Simulator (STHS) for Mathias Vaigur -- Original Page W3C XHTML 1.0 Valid